 Dungeon Crawl Stone Soup version 0.24.0-123-gd5b16e6ec5 (webtiles) character file.

Game seed: 3815025680081046474, levelgen mode: deterministic

262 sagitran the Poker (level 5, -5/41 HPs)
             Began as a Demonspawn Gladiator on Dec 20, 2019.
             Slain by a mummy (11 damage)
             ... in an ossuary.
             The game lasted 00:16:39 (2729 turns).

sagitran the Poker (Demonspawn Gladiator)           Turns: 2729, Time: 00:16:39

Health: -5/41      AC:  9    Str: 15    XL:     5   Next: 97%
Magic:  5/5        EV: 13    Int: 10    God:
Gold:   81         SH:  0    Dex: 14    Spells: 4/4 levels left

rFire    . . .     SeeInvis +   s - +0 quick blade
rCold    + . .     Gourm    .   (no shield)
rNeg     . . .     Faith    .   b - +0 leather armour
rPois    +         Spirit   .   v - +2 helmet {SInv}
rElec    .         Reflect  .   x - +0 cloak
rCorr    .         Harm     .   (no gloves)
MR       .....                  (no boots)
Stlth    +.........             (no amulet)
HPRegen  0.13/turn              q - ring of poison resistance
MPRegen  0.09/turn              (no ring)

@: about to teleport, lightly drained
A: claws 1, slimy green scales 1, cold resistance 1
a: no special abilities


You were in an ossuary.
You were not hungry.

You visited 1 branch of the dungeon, and saw 4 of its levels.
You also visited: Sewer and Ossuary.

You collected 81 gold pieces.

Inventory:

Hand Weapons
 a - a +0 trident
 s - a +0 quick blade (weapon)
Armour
 b - a +0 leather armour (worn)
 c - a +0 helmet
 v - a +2 helmet of see invisible (worn)
 x - a +0 cloak (worn)
Jewellery
 m - a +2 ring of protection
 q - a ring of poison resistance (left claw)
 t - an uncursed amulet of magic regeneration
Scrolls
 e - a scroll of fear {unknown}
 g - a scroll of teleportation
 i - a scroll of remove curse {unknown}
 j - 2 scrolls of identify
 k - a scroll of fog {unknown}
 l - a scroll of blinking {unknown}
 p - a scroll of enchant armour {unknown}
 r - a scroll of magic mapping {unknown}
 w - a scroll of amnesia {unknown}
Potions
 h - a potion of flight
 n - a potion of cancellation
Comestibles
 f - 3 rations


   Skills:
 + Level 3.1(2.9) Fighting
 + Level 1.6(1.4) Short Blades
 + Level 4.4(4.2) Polearms
 + Level 1.9(1.8) Throwing
 + Level 1.0(0.9) Armour
 + Level 3.6(3.5) Dodging


You had 4 spell levels left.
You didn't know any spells.
Your spell library was empty.

Dungeon Overview and Level Annotations

Branches:
Dungeon (4/15)              Sewer (visited)         Ossuary (1/1)
 Temple: D:4-7

Altars:
Nemelex Xobeh
Ru

Annotations:
D:4 Purgy


Innate Abilities, Weirdness & Mutations

You have sharp fingernails.
You are partially covered in slimy green scales. (AC +2)
Your flesh is cold resistant. (rC+)


Message History

You hit the mummy.
The mummy is heavily damaged.
The hobgoblin zombie barely misses you. x2
You closely miss the mummy.
The mummy is heavily damaged.
The mummy barely misses you.
You hit the mummy.
The mummy is heavily damaged.
The hobgoblin zombie hits you.
* * * LOW HITPOINT WARNING * * *
The mummy hits you but does no damage.
The hobgoblin zombie closely misses you.
You hit the mummy.
The mummy is heavily damaged.
The hobgoblin zombie hits you but does no damage.
As you read the scroll of teleportation, it crumbles to dust.
You feel strangely unstable. The hobgoblin zombie barely misses you.
The hobgoblin zombie closely misses you.
The mummy hits you!
You die...

............
..........
........
......
#....#
#....#
#.MZ.#
#MZZ.#
#.@..#
#....#
#....#
#....#
#.∩∩.#
######


You could see 2 mummies and 3 hobgoblin zombies.

Vanquished Creatures
  A bullfrog (D:3)
  Crazy Yiuf (D:3)
  Robin (D:3)
  6 adders
  A shadow imp (D:3)
  An ooze (D:2)
  3 worms
  3 dart slugs
  5 leopard geckos
  An orc (D:3)
  3 ball pythons
  7 bats
  4 giant cockroaches
  12 goblins
  6 hobgoblins (D:3)
  2 quokkas (D:3)
  4 frilled lizards
  2 gnoll zombies (Ossuary)
  2 hobgoblin zombies (Ossuary)
  8 kobolds
  A kobold zombie (Ossuary)
  5 rats
79 creatures vanquished.

Notes
Turn   | Place    | Note
-------+----------+-------------------------------------------
     0 | D:1      | sagitran the Demonspawn Gladiator began the quest for the
                  | Orb.
     0 | D:1      | Reached XP level 1. HP: 16/16 MP: 1/1
   234 | D:1      | Gained mutation: You have sharp fingernails. [demonic
                  | ancestry]
   234 | D:1      | Reached XP level 2. HP: 22/22 MP: 2/2
   360 | D:1      | Reached skill level 3 in Polearms
   629 | D:2      | Gained mutation: Your flesh is cold resistant. (rC+)
                  | [demonic ancestry]
   629 | D:2      | Reached XP level 3. HP: 22/28 MP: 3/3
  1190 | D:3      | Gained mutation: You are partially covered in slimy green
                  | scales. (AC +2) [demonic ancestry]
  1190 | D:3      | Reached XP level 4. HP: 16/34 MP: 4/4
  1246 | D:3      | Found a glowing drain.
  1279 | Sewer    | Entered a sewer
  1501 | Sewer    | Noticed a malarious merfolk avatar
  1580 | D:3      | Found a sparkling altar of Nemelex Xobeh.
  1640 | D:3      | Noticed Robin
  1932 | D:3      | Found a runed translucent door.
  1933 | D:3      | Noticed Crazy Yiuf
  2038 | D:3      | Noticed a bullfrog
  2041 | D:3      | Reached XP level 5. HP: 13/40 MP: 5/5
  2048 | D:3      | Killed Robin
  2048 | D:3      | Reached skill level 1 in Short Blades
  2051 | D:3      | Reached skill level 4 in Polearms
  2051 | D:3      | Reached skill level 1 in Armour
  2319 | D:3      | Found a sacrificial altar of Ru.
  2498 | D:3      | Killed Crazy Yiuf
  2588 | D:4      | Noticed an ogre
  2603 | D:4      | Noticed an ogre
  2637 | D:4      | Noticed Purgy
  2680 | D:4      | Found a sand-covered staircase.
  2687 | Ossuary  | Entered an ossuary
  2729 | Ossuary  | Slain by a mummy

Levels and vault maps discovered:
D:1:      shiori_shiawase, layout_basic
D:2:      layout_basic
D:3:      layout_rooms, overflow_temple_1_default, first_ration,
          portal_sewer_entry_d, st_stairs_2, nemelex_xobeh_ov_fountains_minmay,
          uniq_crazy_yiuf_cottage, uniq_robin
D:4:      layout_basic, kennysheep_mini, chequers_ossuary_entry_cave,
          st_stairs_9, uniq_purgy, uniq_sigmund
Ossuary:  ossuary_tomb_3

Skill      XL: |  1  2  3  4  5 |
---------------+----------------+-----
Polearms       | 3 4 |  4.4
Dodging        | 3 |  3.6
Short Blades   | 1 |  1.6
Fighting       | 3 |  3.1
Armour         | 1 |  1.0
Throwing       | |  1.9

Action                   |  1- 3 |  4- 6 || total
-------------------------+-------+-------++-------
Melee: Trident           |   114 |   133 ||   247
       Quick blade       |       |   113 ||   113
Throw: Throwing net      |       |     4 ||     4
  Use: Potion            |     1 |     5 ||     6
       Scroll            |       |     6 ||     6
  Eat: Ration            |     1 |     1 ||     2
Armor: Leather armour    |    33 |    87 ||   120
Dodge: Dodged            |    92 |   188 ||   280
